 Dungeon Crawl Stone Soup version 0.24-a0-252-g5076262 (webtiles) character file.

Game seed: 14080410042647545421

2621 Ijustatesigmund the Cleaver (level 9, -1/64 HPs)
             Began as an Octopode Fighter on Apr 17, 2019.
             Slain by an orc warrior
             ... wielding a +1 trident of piercing
              (4 damage)
             ... on level 11 of the Dungeon.
             The game lasted 00:18:13 (6948 turns).

Ijustatesigmund the Cleaver (Octopode Fighter)      Turns: 6948, Time: 00:18:14

Health: -1/64      AC:  1    Str: 16    XL:     9   Next: 60%
Magic:  9/9        EV: 15    Int: 10    God:
Gold:   330        SH: 12    Dex: 14    Spells: 8/8 levels left

rFire    . . .     SeeInvis .   a - +2 war axe
rCold    . . .     Gourm    .   b - +2 shield
rNeg     . . .     Faith    .   (helmet restricted)
rPois    .         Spirit   .   (no amulet)
rElec    .         Reflect  .   h - ring of wizardry
rCorr    .         Harm     .   (no ring)
MR       .....                  (no ring)
Stlth    ++........             (no ring)
HPRegen  0.20/turn              (no ring)
MPRegen  0.11/turn              (no ring)
                                (no ring)
                                (no ring)

@: no status effects
A: almost no armour, stealthy swim, amphibious, 8 rings, constrict 8, camouflage
1, gelatinous body 1
a: no special abilities


You were on level 11 of the Dungeon.
You were not hungry.

You visited 1 branch of the dungeon, and saw 10 of its levels.
You also visited: Ossuary.

You collected 330 gold pieces.

Inventory:

Hand Weapons
 a - a +2 war axe (weapon)
 c - a +4 flail of holy wrath
 n - a +1 hand axe of venom
Armour
 b - a +2 shield (worn)
Jewellery
 h - a ring of wizardry (left tentacle)
Wands
 e - a wand of polymorph (8)
 i - a wand of paralysis (8)
 v - a wand of scattershot (5)
Scrolls
 f - a scroll of teleportation
 g - 2 scrolls of fear
 k - a scroll of amnesia
 p - 4 scrolls of identify
 q - 6 scrolls of immolation
 r - a scroll of blinking
 w - a scroll of remove curse
Potions
 j - a potion of lignification
 l - a potion of brilliance
 m - a potion of agility
 o - a potion of haste
 s - 2 potions of flight
 t - 2 potions of invisibility
 x - a potion of heal wounds
 z - 4 potions of curing
Comestibles
 d - 16 rations
 u - a chunk of flesh


   Skills:
 + Level 7.1 Fighting
 + Level 8.3 Axes
 + Level 6.1 Dodging
 + Level 6.0 Shields


You had 8 spell levels left.
You didn't know any spells.
Your spell library contained the following spells:

 Spells                   Type           Power        Failure   Level  Hunger
 Confusing Touch          Hex            #.....       43%         1    ##.....
 Freeze                   Ice            #...         43%         1    ##.....
 Throw Frost              Conj/Ice       #.....       56%         2    ###....
 Confuse                  Hex            #.......     78%         3    ####...
 Gell's Gravitas          Tloc           #.........   78%         3    ####...
 Ozocubu's Armour         Chrm/Ice       #.......     78%         3    ####...
 Petrify                  Tmut/Erth      #.......     99%         4    #####..
 Summon Ice Beast         Ice/Summ       #.......     99%         4    #####..
 Throw Icicle             Conj/Ice       #.......     99%         4    #####..
 Metabolic Englaciation   Hex/Ice        #.........   100%        5    ######.
 Yara's Violent Unravell  Hex/Tmut       #.........   100%        5    ######.


Dungeon Overview and Level Annotations

Branches:
Dungeon (10/15)
 Temple: D:4-7         Lair: D:8-11         Orc: D:9-12

Altars:
Ashenzari
Uskayaw
Xom

Annotations:
D:11 Erica


Innate Abilities, Weirdness & Mutations

You cannot wear most types of armour.
You are very stealthy in the water. (Stealth+)
You are amphibious.
You can wear up to eight rings at the same time.
You can use your tentacles to constrict eight enemies at once.
Your skin changes colour to match your surroundings (Stealth+).
Your rubbery body absorbs attacks. (AC +1, EV +1)


Message History

You feel strangely unstable. The adder closely misses you.
You miss the adder. Your grab misses the adder.
You squeeze the adder, but do no damage.
The adder misses you.
You miss the adder. You grab the adder. You constrict the adder.
You block the adder's attack. The adder closely misses you.
You release your grip on the adder.
Your surroundings suddenly seem different.
An orc wizard comes into view. It is wielding a +0 dagger.
The orc wizard shouts!
Erica the Fiery-Tempered comes into view.
She is wielding a +0 scimitar of flaming and wearing a +2 robe of magic resistance.
Erica shouts!
An orc comes into view. It is wielding a +0 whip.
The orc shouts!
A red ugly thing comes into view.
The red ugly thing gurgles horribly!
An orc wizard comes into view. It is wielding a +0 dagger.
The orc warrior hits you with a glowing trident!
* * * LOW HITPOINT WARNING * * *
You die...

.........#
..<......#
.......^.####
$.....!.....#
............#
......oo@.o.#
............#
.......@o...#
.........o..#
#
............#
##
..........u.#
.#
............#
.##
#####....<..#
..# #.#######
..# #. ..#


You could see a red ugly thing, Erica, an orc warrior, 2 orc wizards and 2 orcs.

Vanquished Creatures
  The ghost of Stiffzip the Chopper, an amateur MiBe of Trog (D:4)
  Edmund (D:5)
  A water moccasin (D:5)
  A sky beast (D:10)
  A phantom (D:4)
  2 centaurs
  A necrophage (D:6)
  Blork the orc (D:5)
  7 bullfrogs
  2 scorpions
  A bullfrog zombie (D:6)
  2 crimson imps (D:6)
  A bullfrog skeleton (D:6)
  4 hounds
  4 jellies
  A centaur skeleton (D:5)
  5 orc priests
  6 orc wizards
  2 iguanas
  A worker ant (D:10)
  Terence (D:2)
  A big kobold zombie (Ossuary)
  4 mummies (Ossuary)
  7 river rats (D:5)
  4 adders
  4 shadow imps (D:5)
  2 oozes (D:3)
  4 worms
  2 dart slugs (D:1)
  4 leopard geckos
  34 orcs
  3 ball pythons
  5 bats
  3 giant cockroaches
  7 goblins
  6 hobgoblins
  7 jackals
  4 kobolds
  11 quokkas
  9 frilled lizards
  A gnoll zombie (Ossuary)
  2 hobgoblin zombies (Ossuary)
  A kobold zombie (Ossuary)
  3 orc zombies (Ossuary)
  22 rats
196 creatures vanquished.

Notes
Turn   | Place    | Note
-------+----------+-------------------------------------------
     0 | D:1      | Ijustatesigmund the Octopode Fighter began the quest for
                  | the Orb.
     0 | D:1      | Reached XP level 1. HP: 16/16 MP: 1/1
    53 | D:1      | Reached XP level 2. HP: 21/21 MP: 2/2
   158 | D:1      | Reached skill level 3 in Axes
   595 | D:1      | Reached XP level 3. HP: 26/26 MP: 3/3
   930 | D:2      | Noticed Terence
   938 | D:2      | Killed Terence
   938 | D:2      | Reached skill level 4 in Axes
  1097 | D:2      | Reached XP level 4. HP: 31/31 MP: 4/4
  1829 | D:3      | Noticed a +0 dagger
  1829 | D:3      | Noticed a +0 dagger
  1836 | D:3      | Found a hide-covered altar of Uskayaw.
  2194 | D:3      | Reached skill level 5 in Axes
  2247 | D:3      | Reached XP level 5. HP: 36/36 MP: 5/5
  2613 | D:4      | Found a shattered altar of Ashenzari.
  2619 | D:4      | Found a transporter.
  2622 | D:4      | Noticed Stiffzip's ghost (amateur MiBe)
  2633 | D:4      | Noticed a phantom
  2826 | D:4      | Reached XP level 6. HP: 30/43 MP: 6/6
  3388 | D:4      | Found a transporter.
  3521 | D:4      | Killed a phantom
  3521 | D:4      | Reached skill level 6 in Axes
  3600 | D:4      | Reached XP level 7. HP: 28/49 MP: 7/7
  4007 | D:5      | Entered Level 5 of the Dungeon
  4288 | D:5      | Reached skill level 5 in Fighting
  4691 | D:5      | Reached XP level 8. HP: 41/55 MP: 8/8
  4930 | D:5      | Noticed Blork the orc
  4939 | D:5      | Killed Blork the orc
  4947 | D:5      | Reached skill level 7 in Axes
  5393 | D:5      | Noticed Edmund
  5405 | D:5      | Killed Edmund
  5634 | D:4      | Killed Stiffzip's ghost
  5811 | D:6      | Reached skill level 5 in Dodging
  5814 | D:6      | Reached skill level 5 in Shields
  5854 | D:6      | Reached XP level 9. HP: 63/63 MP: 9/9
  6193 | D:6      | Found a shimmering altar of Xom.
  6363 | D:7      | Found a sand-covered staircase.
  6371 | Ossuary  | Entered an ossuary
  6389 | Ossuary  | Reached skill level 8 in Axes
  6617 | D:7      | You fall through a shaft for 3 floors!
  6617 | D:10     | Entered Level 10 of the Dungeon
  6875 | D:9      | You fall through a shaft for 2 floors!
  6927 | D:11     | Noticed a troll
  6948 | D:11     | Noticed Erica
  6948 | D:11     | Noticed a red ugly thing
  6948 | D:11     | HP: 3/64 [orc warrior/glowing trident (13)]
  6948 | D:11     | Slain by an orc warrior

Levels and vault maps discovered:
D:1:      dpeg_arrival_simpleton_a, layout_rooms, minmay_misc_feat_rugged
D:2:      layout_loops_cross, first_ration, uniq_terence
D:3:      layout_basic, dancing_weapons_uskayaw
D:4:      layout_basic, ashenzari_altar_1, gammafunk_ghost_arena
D:5:      lemuel_ratsnest, layout_cave_pods, serial_column_ruins,
          column_ruins_square_large, column_ruins_hut,
          column_ruins_corridor_corner, column_ruins_grid_2,
          column_ruins_corridor_water, column_ruins_open_tiny,
          column_ruins_corridor_straight, column_ruins_columns_straight,
          uniq_blork_the_orc, uniq_edmund
D:6:      layout_rooms, dk_xom_monty_hall
D:7:      minmay_the_grid_octo_triangle [minmay_the_grid_octo_horde,
          minmay_the_grid_octo_prize_single_spiral,
          minmay_the_grid_octo_checkerflower], layout_rooms,
          overflow_temple_1_default, fiery_altar_vehumet,
          grunt_temple_overflow_diamond, minmay_temple_entry_junction,
          nicolae_ossuary_entry_false_entrances, minmay_misc_feat_columns
D:9:      layout_basic, grunt_qazlal_clouds, david_lair_generic, serial_shops,
          shop_fountains, uniq_harold
D:10:     layout_loops_corners, david_orc_5, serial_shops, kennysheep_mini_moat,
          hangedman_little_slice_of_home
D:11:     layout_rooms, uniq_erica
Ossuary:  ossuary_crypta

Skill      XL: |  1  2  3  4  5  6  7  8  9 |
---------------+----------------------------+-----
Axes           | 3 4 5 6 7 8 |  8.3
Fighting       | 4 5 6 7 |  7.1
Dodging        | 5 6 |  6.1
Shields        | 5 6 |  6.0

Action                   |  1- 3 |  4- 6 |  7- 9 || total
-------------------------+-------+-------+-------++-------
Melee: War axe           |    47 |   102 |   105 ||   254
       Constrict         |    13 |    22 |    64 ||    99
       Tentacles         |    10 |    21 |    61 ||    92
       Hand axe          |       |       |   101 ||   101
       Flail             |       |       |    41 ||    41
Evoke: Wand              |       |     8 |     5 ||    13
  Use: Scroll            |     1 |    11 |    14 ||    26
       Potion            |       |     4 |     6 ||    10
 Stab: Sleeping          |     3 |     2 |    13 ||    18
       Paralysed         |       |     2 |     1 ||     3
  Eat: Chunk             |       |     7 |     9 ||    16
       Ration            |       |       |     1 ||     1
Armor: Skin              |     3 |     6 |     6 ||    15
Dodge: Dodged            |    20 |    42 |    89 ||   151
Block: Shield            |    15 |    44 |   123 ||   182

Table legend:
 A = Non-vault XP
 B = Vault XP
 C = Vault XP percentage of total XP
 D = Non-vault monster count
 E = Vault monster count
 F = Vault count percentage of total count
                 A         B        C        D         E       F
            +---------+---------+-------+---------+---------+-------
      Total |    2826 |     919 |  24.5 |     145 |      51 |  26.0
            +---------+---------+-------+---------+---------+-------
        D:1 |      38 |       0 |   0.0 |      20 |       0 |   0.0
        D:2 |      19 |      32 |  62.7 |       9 |       1 |  10.0
        D:3 |      99 |       0 |   0.0 |      28 |       0 |   0.0
        D:4 |     502 |     321 |  39.0 |      27 |       3 |  10.0
        D:5 |     691 |     372 |  35.0 |      26 |      32 |  55.2
        D:6 |     677 |      87 |  11.4 |      20 |       3 |  13.0
        D:7 |      74 |       0 |   0.0 |       1 |       0 |   0.0
        D:9 |      91 |       0 |   0.0 |       3 |       0 |   0.0
       D:10 |     365 |       0 |   0.0 |       4 |       0 |   0.0
       D:11 |     270 |       0 |   0.0 |       7 |       0 |   0.0
    Ossuary |       0 |     107 | 100.0 |       0 |      12 | 100.0
            +---------+---------+-------+---------+---------+-------
